 Dungeon Crawl Stone Soup version 0.18.1-6-gd335043 (webtiles) character file.

100 epen the Chopper (level 4, 0/38 HPs)
             Began as a Hill Orc Gladiator on May 16, 2016.
             Slain by epen's ghost (2 damage)
             ... on level 3 of the Dungeon.
             The game lasted 00:02:44 (1845 turns).

epen the Chopper (Hill Orc Gladiator)               Turns: 1845, Time: 00:02:46

Health: 0/38       AC:  9    Str: 18    XL:     4   Next: 74%
Magic:  2/4        EV:  8    Int:  8    God:
Gold:   84         SH:  0    Dex: 11    Spells: 0 memorised, 3 levels left

rFire  + + .     SeeInvis .     a - +0 war axe
rCold  . . .     Gourm    .     y - +0 chain mail
rNeg   . . .     Faith    .     (no shield)
rPois  .         Spirit   .     c - +0 helmet
rElec  .         Dismiss  .     (no cloak)
rCorr  .         Reflect  .     (no gloves)
SustAt .         Harm     .     (no boots)
MR     .....                    (no amulet)
Stlth  ..........               r - ring of protection from fire
                                m - ring of protection from fire

@: lethally poisoned (0 -> -18), drained, not resistant to hostile enchantments,
extremely unstealthy
A: no striking features
a: no special abilities


You were on level 3 of the Dungeon.
You were not hungry.

You visited 1 branch of the dungeon, and saw 3 of its levels.

You collected 84 gold pieces.

Inventory:

Hand Weapons
 a - a +0 war axe (weapon)
Missiles
 d - 4 throwing nets (quivered)
Armour
 b - a +0 leather armour
 c - a +0 helmet (worn)
 y - a +0 chain mail (worn)
Jewellery
 m - a ring of protection from fire (left hand)
 r - a ring of protection from fire (right hand)
Scrolls
 e - a scroll of identify
 j - a scroll of teleportation {unknown}
 p - a scroll of remove curse
 s - 2 scrolls of random uselessness {unknown}
 t - a scroll of magic mapping {unknown}
 u - a scroll of recharging {unknown}
 v - a scroll of enchant armour {unknown}
 x - 3 scrolls of fog {unknown}
Potions
 k - 3 potions of brilliance
 n - a potion of resistance {unknown}
 o - a potion of invisibility {unknown}
 q - a potion of magic {unknown}
 w - a potion of haste {unknown}
 z - 2 potions of heal wounds {unknown}
 A - a potion of degeneration {unknown}
Comestibles
 f - 3 bread rations
 g - a royal jelly
 i - a meat ration
 l - a slice of pizza


   Skills:
 + Level 3.2(3.0) Fighting
 * Level 4.9(4.7) Axes
 - Level 1.7(1.5) Throwing
 + Level 1.6(1.4) Armour
 * Level 3.3(3.0) Dodging


You had 3 spell levels left.
You didn't know any spells.

Dungeon Overview and Level Annotations

Branches:
Dungeon (3/15)

Altars:
Elyvilon
Sif Muna

Annotations:
D:3 epen's ghost, amateur MfCK


Message History

As you read the scroll labeled NADAGE EBUQIV, it crumbles to dust.
It is a scroll of identify.
Identify which item? (\ to view known items) (? for menu, Esc to quit)
k - 3 potions of brilliance You feel sick.
Epen's ghost hits you but does no damage.
Read which item? (? for menu, Esc to quit)
As you read the scroll labeled AWEUQI HOILL, it crumbles to dust.
The creatures around you are filled with an inner flame!
It was a scroll of immolation.
You feel sick. Epen's ghost hits you.
* * * LOW HITPOINT WARNING * * *
You are more poisoned.
Read which item? (? for menu, Esc to quit)
As you read the scroll labeled MYLURA GENWU, it crumbles to dust.
You feel blessed for a moment.
It was a scroll of remove curse.
* * * LOW HITPOINT WARNING * * *
You feel sick. Epen's ghost hits you.
* * * LOW HITPOINT WARNING * * *
Epen's ghost freezes you.
You die...

#### ≈#≈# ≈#≈#
##≈#≈# #≈≈#≈#
#≈##@# #≈≈W≈#
#≈#≈####
#≈≈≈≈≈≈#
#########≈#
.#≈≈≈≈≈≈≈≈≈#
..≈≈#≈#≈######
..
...≈.≈≈≈≈≈...#
.
.......≈.....#
.


You could see epen's ghost (inner flame).

Vanquished Creatures
  Terence (D:3)
  2 adders (D:2)
  A worm (D:2)
  2 dart slugs
  3 giant geckos
  2 giant cockroaches (D:1)
  4 hobgoblins (D:2)
  4 jackals (D:3)
  2 kobolds (D:1)
  2 quokkas
  2 ball pythons (D:2)
  4 bats
  3 giant newts
  8 goblins
  6 rats
46 creatures vanquished.

Notes
Turn   | Place    | Note
--------------------------------------------------------------
     0 | D:1      | epen the Hill Orc Gladiator began the quest for the Orb.
     0 | D:1      | Reached XP level 1. HP: 18/18 MP: 1/1
   298 | D:1      | Reached XP level 2. HP: 23/25 MP: 2/2
   919 | D:2      | Found a deep blue altar of Sif Muna.
   931 | D:2      | Reached XP level 3. HP: 20/30 MP: 3/3
  1197 | D:2      | Reached skill level 1 in Armour
  1461 | D:2      | Reached XP level 4. HP: 21/38 MP: 4/4
  1679 | D:2      | Found a white marble altar of Elyvilon.
  1770 | D:3      | Noticed Terence
  1784 | D:3      | Killed Terence
  1820 | D:3      | Noticed epen's ghost (amateur MfCK)
  1845 | D:3      | Slain by epen's ghost

Skill      XL: |  1  2  3 |
---------------+----------+-----
Armour         | 1 |  1.6
Dodging        | 3 |  3.3
Fighting       | 3 |  3.2
Axes           | |  4.9
Throwing       | |  1.7

Action                   |  1- 3 |  4- 6 || total
-------------------------+-------+-------++-------
Melee: War axe           |   125 |    28 ||   153
  Use: Scroll            |       |     3 ||     3
 Stab: Sleeping          |     1 |       ||     1
  Eat: Chunk             |     2 |     1 ||     3
Armor: Leather armour    |    42 |     8 ||    50
       Chain mail        |       |     6 ||     6
Dodge: Dodged            |    99 |    28 ||   127
